 Dungeon Crawl Stone Soup version 0.18.1-5-g4a78601 (console) character file.

3184 MenacingMecha the Gouger (level 9, -4/45 HPs)
             Began as a Felid Wanderer on May 12, 2016.
             Was a Follower of Nemelex Xobeh.
             Slain by a freezing wraith (12 damage)
             ... in an ice cave.
             The game lasted 01:30:03 (13410 turns).

MenacingMecha the Gouger (Felid Wanderer)          Turns: 13410, Time: 01:30:05

Health: -4/45      AC:  2    Str:  7    XL:     9   Next: 64%
Magic:  11/11      EV: 27    Int: 16    God:    Nemelex Xobeh [*.....]
Gold:   577        SH:  0    Dex: 18    Spells: 3 memorised, 5 levels left
                                        Lives:  0   Deaths: 3

rFire  . . .     SeeInvis +       - Unarmed
rCold  . . .     Gourm    .     (armour unavailable)
rNeg   + . .     Faith    .     (shield unavailable)
rPois  .         Spirit   .     (helmet unavailable)
rElec  .         Dismiss  .     (cloak unavailable)
rCorr  .         Reflect  .     (gloves unavailable)
SustAt .         Harm     .     (boots unavailable)
MR     +....                    s - amulet of regeneration
Stlth  ++++++....               B - ring of positive energy
                                g - ring of wizardry

@: slowed, slow, somewhat resistant to hostile enchantments, very stealthy
A: no armour, no weapons or thrown items, claws 1, fangs 3, see invisible,
carnivore 3, speed 1, shaggy fur 2, slow metabolism 1, sharp paws
a: Renounce Religion


You were in an ice cave.
You worshipped Nemelex Xobeh.
Nemelex Xobeh was aware of your devotion.
You were not hungry.

You visited 3 branches of the dungeon, and saw 13 of its levels.
You also visited: Ossuary and Ice Cave.

You collected 577 gold pieces.

Inventory:

Jewellery
 g - a ring of wizardry (left paw)
 n - an uncursed ring of resist corrosion
 s - an amulet of regeneration (around neck)
 B - a ring of positive energy (right paw)
Wands
 a - a wand of flame (13/48)
 f - a wand of iceblast (8/15)
 A - a wand of digging (6/24)
 C - a wand of disintegration (13/24)
 I - a wand of lightning (8/15)
 L - a wand of slowing (29/48)
Scrolls
 c - 4 scrolls of teleportation
 h - 3 scrolls of amnesia
 j - 2 scrolls of fog
 k - 13 scrolls of remove curse
 m - a scroll of acquirement {unknown}
 o - 6 scrolls of identify
 q - 4 scrolls of recharging {unknown}
 t - 2 scrolls of immolation {unknown}
 u - a scroll of brand weapon {unknown}
 v - 2 scrolls of enchant weapon {unknown}
 E - a scroll of noise {unknown}
Potions
 b - 13 potions of curing
 e - 2 potions of haste
 i - a potion of cancellation {unknown}
 l - 2 potions of cure mutation
 p - 2 potions of flight
 x - 2 potions of might
 z - 3 potions of brilliance
 J - a potion of magic
 K - a potion of agility
Books
 y - a Grand Grimoire

   Spells                             Type                      Level
   a - Monstrous Menagerie            Summoning                    7
   b - Summon Greater Demon           Summoning                    7
   c - Malign Gateway                 Summoning/Translocation      7
   d - Summon Horrible Things         Summoning                    8
 F - a book of Party Tricks

   Spells                             Type                      Level
   a - Summon Butterflies             Summoning                    1
   b - Apportation                    Translocation                1
   c - Tukima's Dance                 Hexes                        3
   d - Alistair's Intoxication        Transmutation/Poison         5
   e - Invisibility                   Hexes                        6
Miscellaneous
 G - a plain deck of war {drawn: 3}
Comestibles
 d - 10 meat rations
 r - 3 slices of pizza
 D - 12 chunks of flesh


   Skills:
 - Level 9.0 Fighting
 - Level 11.0 Dodging
 - Level 10.0 Stealth
 - Level 11.2 Unarmed Combat
 + Level 1.0 Spellcasting
 - Level 3.7 Hexes
 - Level 1.0 Summonings
 - Level 2.3 Translocations
 - Level 2.1 Evocations


You had 5 spell levels left.
You knew the following spells:

 Your Spells              Type           Power        Failure   Level  Hunger
a - Apportation           Tloc           #.........   4%          1    ##.....
b - Summon Butterflies    Summ           #.......     7%          1    ##.....
c - Tukima's Dance        Hex            ##......     7%          3    ####...


Dungeon Overview and Level Annotations

Branches:
Dungeon (11/15)            Temple (1/1) D:7            Lair (1/8) D:11
    Orc: D:9-12

Altars:
Ashenzari
Cheibriados
Dithmenos
Elyvilon
Fedhas
Gozag
Kikubaaqudgha
Makhleb
Nemelex Xobeh
Okawaru
Pakellas
Qazlal
Ru
Sif Muna
Trog
Vehumet
Xom
Yredelemnul
Zin
The Shining One

Shops:
D:4 [[[*

Annotations:
D:7 2 runed doors
D:9 hill giant
D:10 unseen horror
D:11 purple ugly thing, elephant


Innate Abilities, Weirdness & Mutations

You cannot wear armour.
You are incapable of wielding weapons or throwing items.
You have sharp claws.
You have razor-sharp teeth.
You have supernaturally acute eyesight.
You are carnivorous and can eat meat at any time.
You cover ground quickly.
You are covered in thick fur (AC +2).
You have a slow metabolism.
Your sharp claws are effective at attacking unaware monsters.


Message History

The freezing wraith is lightly damaged.
The freezing wraith misses you. x2
You scratch the freezing wraith but do no damage.
You bite the freezing wraith, but do no damage.
The freezing wraith is lightly damaged.
The freezing wraith misses you. The freezing wraith hits you!
The freezing wraith drains your vigour!
You feel yourself slow down.
You closely miss the freezing wraith.
The freezing wraith is lightly damaged.
The freezing wraith hits you. The freezing wraith freezes you!
The freezing wraith hits you. The freezing wraith drains your vigour!
You feel as though you will be slow longer.
You scratch the freezing wraith but do no damage.
You claw the freezing wraith!
The freezing wraith is moderately damaged.
The freezing wraith hits you!
* * * LOW HITPOINT WARNING * * *
The freezing wraith freezes you!
You die...
Your body disappears without a glow.

5.Z. _Z5. Z.W.5
5.Z.8 ####
Z.W5..#..##
.5Z.Z.#..Z##
#....#..########.
##...#.WW@.......
##.##..######..#
###..## ##..##
#..## ##..# ##..#
#... ..W.


You could see 2 freezing wraiths and an ogre simulacrum.

Vanquished Creatures
  An ugly thing (D:11)
  A spiny frog (Lair:1)
  A merfolk (D:9)
  3 yaks
  2 hippogriffs
  A death yak simulacrum (IceCv)
  A porcupine (Lair:1)
  3 orc warriors
  3 sky beasts
  4 ice beasts
  3 ogres
  3 eyes of draining
  6 wolves (Lair:1)
  2 phantoms
  6 centaurs
  3 crocodiles (D:11)
  An elf zombie (Ossuary)
  5 giant frogs
  A gnoll sergeant (D:6)
  A water moccasin skeleton (D:9)
  2 scorpions
  10 killer bees
  14 wights
  2 howler monkeys
  6 crimson imps
  A giant frog zombie (D:7)
  4 hounds
  A quasit (D:5)
  A giant frog skeleton (D:6)
  A jelly (D:10)
  Crazy Yiuf (D:7)
  An iron imp (D:7)
  5 orc priests
  12 orc wizards
  5 iguanas
  3 worker ants
  2 wolf simulacra (IceCv)
  4 big kobold zombies (Ossuary)
  A hound zombie (D:5)
  4 hound skeletons
  4 mummies (Ossuary)
  3 worker ant zombies
  8 adders
  3 gnolls (D:11)
  A howler monkey skeleton (D:6)
  8 river rats (Lair:1)
  4 shadow imps
  4 oozes
  2 adder skeletons
  3 adder zombies
  2 worms
  7 giant geckos
  55 orcs
  10 bats
  4 giant cockroaches
  A gnoll zombie (Ossuary)
  7 goblins
  9 hobgoblins
  10 jackals
  5 quokkas
  A ball python (D:2)
  A giant cockroach zombie (D:5)
  6 giant newts
  2 hobgoblin zombies (Ossuary)
  13 kobolds
  3 kobold zombies (Ossuary)
  2 quokka skeletons
  7 rats
  A fungus (D:7)
317 creatures vanquished.

Vanquished Creatures (collateral kills)
  4 yaks (D:10)
4 creatures vanquished.

Grand Total: 321 creatures vanquished

Notes
Turn   | Place    | Note
--------------------------------------------------------------
     0 | D:1      | MenacingMecha the Felid Wanderer began the quest for the Orb.
     0 | D:1      | MenacingMecha set off with: a wand of flame (15/48), a potion of curing, a scroll of teleportation, a meat ration
     0 | D:1      | Reached XP level 1. HP: 9/9 MP: 3/3
     5 | D:1      | Reached skill level 1 in Dodging
   263 | D:1      | Reached XP level 2. HP: 9/12 MP: 4/4
   629 | D:1      | Reached skill level 1 in Stealth
   823 | D:1      | Reached XP level 3. HP: 11/15 MP: 5/5
  1436 | D:2      | Reached XP level 4. HP: 10/20 MP: 6/6
  2136 | D:3      | Found a shimmering altar of Xom.
  2447 | D:3      | Reached XP level 5. HP: 23/24 MP: 7/7
  3300 | D:4      | Gained mutation: You are covered in thick fur (AC +2). [Felid growth]
  3300 | D:4      | Reached XP level 6. HP: 14/28 MP: 8/8
  3431 | D:4      | Found Luclufy's Antique Armour Shoppe.
  3432 | D:4      | Found Koam Eraro's Armour Emporium.
  3443 | D:4      | Found Omics's Antique Armour Shoppe.
  3653 | D:4      | Found a sand-covered staircase.
  3683 | Ossuary  | Entered an ossuary
  3700 | Ossuary  | Slain by a gnoll zombie
  3701 | Ossuary  | Reached XP level 5. HP: 0/24 MP: 7/7
  3805 | Ossuary  | Reached skill level 5 in Dodging
  3805 | Ossuary  | Reached XP level 6. HP: 13/28 MP: 8/8
  4871 | D:4      | Found Ibypsou's Assorted Antiques.
  4898 | D:4      | Found a bloodstained altar of Trog.
  4915 | D:4      | Reached skill level 5 in Stealth
  4915 | D:4      | Reached XP level 7. HP: 31/31 MP: 0/9
  5231 | D:4      | Found a sparkling altar of Nemelex Xobeh.
  5281 | D:5      | Entered Level 5 of the Dungeon
  5664 | D:5      | Found an iron altar of Okawaru.
  5918 | D:5      | Reached skill level 5 in Fighting
  6431 | D:5      | Reached XP level 8. HP: 37/38 MP: 10/10
  7501 | D:7      | Found a runed door.
  7515 | D:7      | Found a runed door.
  7544 | D:7      | Found a staircase to the Ecumenical Temple.
  7551 | Temple   | Entered the Ecumenical Temple
  7694 | D:7      | Found a shattered altar of Ashenzari.
  8484 | D:7      | Reached XP level 9. HP: 32/41 MP: 11/11
  8507 | D:7      | HP: 2/41 [killer bee (3)]
  8632 | D:7      | Noticed Crazy Yiuf
  8640 | D:7      | Killed Crazy Yiuf
  8704 | D:7      | Found a snail-covered altar of Cheibriados.
  8837 | D:7      | Reached skill level 10 in Unarmed Combat
  9025 | D:7      | Found a deep blue altar of Sif Muna.
  9025 | D:7      | Found a glowing silver altar of Zin.
  9988 | D:9      | Reached skill level 10 in Dodging
 10113 | D:9      | Found a blossoming altar of Fedhas.
 10359 | D:9      | Noticed a hill giant
 10441 | D:9      | Reached XP level 10. HP: 38/48 MP: 12/12
 10459 | D:9      | Killed from afar by an orc wizard
 10460 | D:9      | Reached XP level 9. HP: -3/44 MP: 11/11
 10948 | D:9      | Noticed a merfolk
 10953 | D:9      | Killed a merfolk
 11108 | D:10     | Entered Level 10 of the Dungeon
 11253 | D:10     | Learned a level 1 spell: Apportation
 11255 | D:10     | Learned a level 1 spell: Summon Butterflies
 11259 | D:10     | Learned a level 3 spell: Tukima's Dance
 11290 | D:10     | Reached skill level 1 in Translocations
 11316 | D:10     | Reached skill level 1 in Hexes
 11504 | D:4      | Became a worshipper of Nemelex Xobeh the Trickster
 11673 | D:10     | Received a gift from Nemelex Xobeh
 11924 | D:10     | Noticed an unseen horror
 12078 | D:9      | Reached skill level 1 in Summonings
 12372 | D:10     | Reached XP level 10. HP: 49/49 MP: 12/12
 12615 | D:11     | Noticed a white ugly thing
 12619 | D:11     | Killed a white ugly thing
 12722 | D:11     | Noticed a purple ugly thing
 12748 | D:11     | HP: 1/49 [purple ugly thing (3)]
 12988 | D:11     | Reached * piety under Nemelex Xobeh
 13047 | D:11     | Found a staircase to the Lair.
 13047 | D:11     | Noticed an elephant
 13090 | Lair:1   | Entered Level 1 of the Lair of Beasts
 13166 | Lair:1   | Noticed a spiny frog
 13172 | Lair:1   | Killed a spiny frog
 13299 | Lair:1   | Reached skill level 10 in Stealth
 13329 | Lair:1   | Found a frozen archway.
 13352 | IceCv    | Entered an ice cave
 13377 | IceCv    | Reached skill level 1 in Spellcasting
 13383 | IceCv    | Demolished by a death yak simulacrum
 13384 | IceCv    | Reached XP level 9. HP: -21/45 MP: 11/11
 13389 | IceCv    | Noticed a freezing wraith
 13389 | IceCv    | Noticed a freezing wraith
 13390 | IceCv    | Noticed a freezing wraith
 13397 | IceCv    | Found an ancient bone altar of Kikubaaqudgha.
 13397 | IceCv    | Noticed a freezing wraith
 13397 | IceCv    | Noticed a freezing wraith
 13397 | IceCv    | Noticed a freezing wraith
 13410 | IceCv    | Slain by a freezing wraith

Skill      XL: |  1  2  3  4  5  6  7  8  9 10 |
---------------+-------------------------------+-----
Dodging        | 2 3 5 6 7 9 10 11 | 11.0
Stealth        | 1 2 3 4 5 6 7 10 | 10.0
Fighting       | 2 3 5 6 8 9 |  9.0
Unarmed Combat | 8 9 11 | 11.2
Translocations | 2 |  2.3
Hexes          | 3 |  3.7
Summonings     | 1 |  1.0
Spellcasting   | 1 |  1.0
Evocations     | |  2.1

Action                   |  1- 3 |  4- 6 |  7- 9 | 10-12 || total
-------------------------+-------+-------+-------+-------++-------
Melee: Unarmed           |    92 |   248 |   640 |   185 ||  1165
       Bite              |     4 |    23 |    58 |    15 ||   100
       Punch             |     1 |     5 |    25 |     9 ||    40
Evoke: Wand              |       |       |     3 |     6 ||     9
       Deck              |       |       |     1 |     2 ||     3
  Use: Scroll            |       |     9 |     8 |     4 ||    21
       Potion            |       |     1 |     2 |     1 ||     4
 Stab: Sleeping          |     5 |    15 |    39 |    12 ||    71
       Distracted        |       |     1 |     2 |       ||     3
  Eat: Chunk             |     8 |    11 |    22 |     2 ||    43
Armor: Skin              |     5 |     8 |    19 |     1 ||    33
Dodge: Dodged            |    78 |   127 |   541 |   162 ||   908
